 Dungeon Crawl Stone Soup version 0.17.0-7-gfadd4cc (webtiles) character file.

18988 septik the Bludgeoner (level 12, -1/140 HPs)
             Began as an Ogre Fighter on Nov 8, 2015.
             Was an Initiate of Gozag.
             Splashed by a brown ugly thing's acid (8 damage)
             ... on level 12 of the Dungeon.
             The game lasted 00:49:48 (17943 turns).

septik the Bludgeoner (Ogre Fighter)               Turns: 17943, Time: 00:49:48

Health: -1/140     AC: -2    Str: 25    XL:     12   Next: 64%
Magic:  12/12      EV: 10    Int:  7    God:    Gozag
Gold:   543        SH:  0    Dex: 16    Spells: 0 memorised, 11 levels left

rFire  . . .     SeeInvis .     I - +1 great mace (venom)
rCold  . . .     Clarity  .     Y - +0 animal skin
rNeg   . . .     SustAt   .     (shield currently unavailable)
rPois  .         Gourm    .     j - +0 hat {MR+}
rElec  .         Spirit   .     P - +1 cloak
rCorr  .         Warding  .     (gloves unavailable)
rMut   .         Stasis   .     (boots unavailable)
MR     ++...                    h - amulet of faith
Stlth  +.........               G - +5 ring of protection
                                q - +4 ring of dexterity

@: corroded equipment, very resistant to hostile enchantments, very unstealthy
A: unfitting armour, talons 1, tough skin 1
a: Potion Petition, Call Merchant, Bribe Branch, Renounce Religion


You were on level 12 of the Dungeon.
You worshipped Gozag.
Gozag was noncommittal.
You were not hungry.

You visited 3 branches of the dungeon, and saw 15 of its levels.

You collected 2632 gold pieces.
You spent 1391 gold pieces at shops.
You paid 698 gold pieces to Gozag.

Inventory:

Hand Weapons
 b - the +10 blowgun "Yttiget" {speed, Int+7}
   (You bought it in a shop on level 11 of the Dungeon)

   Attacks with this weapon are significantly faster.
   It affects your intelligence (+7).
 u - a +0 hunting sling
 D - a +0 giant spiked club
 H - the +7 flail of Cod Vamp {crush, +Inv Int+4}
   (You bought it in a shop on level 11 of the Dungeon)

   It inflicts extra damage upon your enemies.
   It affects your intelligence (+4).
   It lets you turn invisible.
 I - a +1 great mace of venom (weapon)
 J - the +1 flail "Buih" {holy, Int+6}
   (You bought it in a shop on level 11 of the Dungeon)

   It has been blessed by the Shining One to cause great damage to the undead
   and demons.
   It affects your intelligence (+6).
Missiles
 f - 53 poisoned needles
 E - 27 sling bullets
Armour
 j - a +0 hat of magic resistance (worn)
 o - a +1 hat
 P - a +1 cloak (worn)
 Y - a +0 animal skin (worn)
Jewellery
 h - an amulet of faith (around neck)
 k - an uncursed ring of protection from magic
 q - a +4 ring of dexterity (left hand)
 G - a +5 ring of protection (right hand)
 U - an uncursed ring of protection from magic
 Z - an uncursed ring of poison resistance
Wands
 a - a wand of magic darts (23)
 c - a wand of fire (4)
 w - a wand of magic darts (8)
 B - a wand of teleportation (6)
 C - a wand of flame (26)
Scrolls
 m - 6 scrolls of teleportation
 n - 7 scrolls of identify
 v - a scroll of fear {unknown}
 x - a scroll of recharging {unknown}
 y - a scroll of fog
 K - a scroll of enchant weapon
 L - 6 scrolls of remove curse
Potions
 d - a potion of might
 l - a potion of ambrosia
 s - 5 potions of curing
 t - 2 potions of lignification
 z - a potion of haste
 V - 2 potions of invisibility
Books
 F - an Akashic Record

   Spells                             Type                      Level
   a - Dispersal                      Translocation                6
   b - Malign Gateway                 Summoning/Translocation      7
   c - Disjunction                    Translocation                8
   d - Controlled Blink               Translocation                8
Miscellaneous
 i - a plain deck of destruction
Comestibles
 e - 11 bread rations
 g - 2 beef jerkies
 p - a slice of pizza
 r - a royal jelly
 A - 14 fruits
 Q - 5 meat rations


   Skills:
 + Level 14.4 Fighting
 - Level 18.0 Maces & Flails
 + Level 1.2 Throwing
 + Level 8.2 Dodging
   Level 3.0 Shields


You had 11 spell levels left.
You didn't know any spells.

Dungeon Overview and Level Annotations

Branches:
Dungeon (12/15)            Temple (1/1) D:6            Lair (2/8) D:8
    Orc (0/4) D:10

Altars:
Ashenzari
Cheibriados
Dithmenos
Elyvilon
Fedhas
Gozag
Kikubaaqudgha
Makhleb
Nemelex Xobeh
Okawaru
Qazlal
Ru
Sif Muna
Trog
Vehumet
Xom
Yredelemnul
Zin
The Shining One

Shops:
D:8 =   D:11 (

Annotations:
D:6 exclusion: statue
D:8 4 runed doors


Innate Abilities, Weirdness & Mutations

You are too large for most types of armour.
You have tough skin (AC +1).
You have sharp toenails.


Message History

You bludgeon the brown ugly thing!!
The brown ugly thing looks even sicker.
You claw the brown ugly thing.
The brown ugly thing is moderately wounded.
The brown ugly thing bites you!
* * * LOW HITPOINT WARNING * * *
You are splashed with acid!
The acid burns!
* * * LOW HITPOINT WARNING * * *
Found 31 stones.
You see here 27 gold pieces.
The brown ugly thing misses you. The brown ugly thing bites you!
* * * LOW HITPOINT WARNING * * *
You are splashed with acid!
The acid corrodes you!
The acid burns!
* * * LOW HITPOINT WARNING * * *
There is a stone staircase leading up, spattered with blood here.
The brown ugly thing bites you!
* * * LOW HITPOINT WARNING * * *
You are splashed with acid!
The acid burns!
You die...
Your body crumbles into a pile of gold.

## #. #.## #
#..## ..#
#..########...#
#.............#
#.....u@.......
##......###.....
# ##.......###
... ##
##..........## .
.##
##..#####...<.##
$.####..##
##.....#
.......##
##....# #...).##
##...## ##...##
#...##


You could see a brown ugly thing.

Vanquished Creatures
  Gastronok (D:9)
  3 hill giants
  An ugly thing (D:11)
  An unseen horror (D:11)
  2 black mambas (Lair:1)
  2 spiny frogs
  A komodo dragon (Lair:1)
  3 kobold demonologists
  A two-headed ogre (D:8)
  A troll (D:11)
  4 blink frogs
  A trapdoor spider zombie (D:8)
  A spriggan (D:7)
  15 yaks
  A deep elf mage (D:9)
  The ghost of WildSam the Ruffian, an amateur DrWn (D:6)
  A hungry ghost (D:10)
  2 hippogriffs
  2 water moccasins (Lair:1)
  8 orc warriors
  2 soldier ants
  5 ogres
  3 phantoms
  A wasp (D:11)
  A porcupine (Lair:1)
  2 black bears (D:8)
  9 sky beasts
  2 necrophages
  6 centaurs
  2 big kobolds
  6 giant frogs
  A gnoll sergeant (D:8)
  6 scorpions
  15 killer bees
  3 wights (D:9)
  A vampire bat (D:3)
  An electric eel (D:6)
  7 crimson imps
  6 hounds
  2 jellies
  3 centaur zombies
  A wasp zombie (D:9)
  8 orc priests
  2 giant frog skeletons
  A giant frog zombie (D:11)
  An iguana (D:7)
  2 centaur skeletons (D:9)
  12 worker ants
  15 orc wizards
  2 hound zombies (D:9)
  A hound skeleton (D:7)
  2 worker ant zombies
  18 gnolls
  6 river rats (Lair:1)
  17 adders
  3 shadow imps
  2 oozes
  2 adder zombies
  4 adder skeletons
  2 worms (D:2)
  3 fire bats (D:3)
  6 giant geckos
  41 orcs
  2 spectral bats (D:3)
  2 ball pythons (D:2)
  19 bats
  3 bat skeletons (D:3)
  A bat zombie (D:3)
  13 giant cockroaches
  6 goblins
  9 hobgoblins
  13 jackals
  9 quokkas
  A bat simulacrum (D:3)
  5 giant newts
  A jackal skeleton (D:4)
  14 kobolds
  2 quokka skeletons
  A quokka zombie (D:6)
  8 rats
  6 fungi (D:5)
402 creatures vanquished.

Vanquished Creatures (others)
  2 fungi (D:5)
2 creatures vanquished.

Grand Total: 404 creatures vanquished

Notes
Turn   | Place    | Note
--------------------------------------------------------------
     0 | D:1      | septik the Ogre Fighter began the quest for the Orb.
     0 | D:1      | Reached XP level 1. HP: 24/24 MP: 1/1
   174 | D:1      | Reached XP level 2. HP: 28/32 MP: 2/2
   611 | D:1      | Reached XP level 3. HP: 38/40 MP: 3/3
  1614 | D:2      | Reached XP level 4. HP: 47/49 MP: 4/4
  1958 | D:2      | Reached skill level 5 in Maces & Flails
  2914 | D:3      | Reached XP level 5. HP: 55/55 MP: 5/5
  2969 | D:3      | Reached skill level 6 in Maces & Flails
  3324 | D:3      | Reached skill level 7 in Maces & Flails
  3324 | D:3      | Reached XP level 6. HP: 63/63 MP: 6/6
  3766 | D:4      | Found an ancient bone altar of Kikubaaqudgha.
  3821 | D:4      | Reached skill level 8 in Maces & Flails
  4759 | D:5      | Entered Level 5 of the Dungeon
  4759 | D:5      | Found a blossoming altar of Fedhas.
  4781 | D:4      | Reached skill level 9 in Maces & Flails
  4781 | D:4      | Reached XP level 7. HP: 12/71 MP: 7/7
  5175 | D:4      | Reached skill level 10 in Maces & Flails
  5550 | D:5      | Reached skill level 11 in Maces & Flails
  5550 | D:5      | Reached XP level 8. HP: 32/79 MP: 8/8
  5999 | D:5      | Reached skill level 12 in Maces & Flails
  6612 | D:5      | Noticed a water elemental
  6615 | D:5      | Found a stormy altar of Qazlal.
  6616 | D:5      | Noticed an air elemental
  6616 | D:5      | Noticed a fire elemental
  6777 | D:6      | Noticed WildSam's ghost (amateur DrWn)
  6785 | D:6      | Killed WildSam's ghost
  6909 | D:6      | Found a white marble altar of Elyvilon.
  6921 | D:6      | Reached skill level 13 in Maces & Flails
  6943 | D:6      | Noticed a hill giant
  7003 | D:6      | Killed a hill giant
  7003 | D:6      | Reached skill level 14 in Maces & Flails
  7003 | D:6      | Reached XP level 9. HP: 36/85 MP: 9/9
  7452 | D:6      | Found a staircase to the Ecumenical Temple.
  7463 | Temple   | Entered the Ecumenical Temple
  7568 | Temple   | Became a worshipper of Gozag Ym Sagoz the Greedy
  7929 | D:6      | Reached skill level 15 in Maces & Flails
  8178 | D:6      | Found a radiant altar of Vehumet.
  8526 | D:6      | Reached skill level 16 in Maces & Flails
  8559 | D:6      | Found a shimmering altar of Xom.
  8767 | D:7      | Found a bloodstained altar of Trog.
  8891 | D:7      | Reached skill level 5 in Fighting
  8891 | D:7      | Reached XP level 10. HP: 76/96 MP: 10/10
 10332 | D:8      | Found a huge runed gate.
 10332 | D:8      | Found a huge runed gate.
 10332 | D:8      | Found a huge runed gate.
 10332 | D:8      | Found a huge runed gate.
 10332 | D:8      | Noticed a griffon
 10333 | D:8      | Noticed a griffon
 10604 | D:8      | Found a staircase to the Lair.
 10798 | D:8      | Reached skill level 17 in Maces & Flails
 11005 | D:8      | Found Geilot's Jewellery Emporium.
 11029 | D:8      | Bought a +4 ring of dexterity for 324 gold pieces
 11029 | D:8      | Bought an uncursed amulet of rage for 480 gold pieces
 11265 | D:8      | HP: 1/104 [yak (11)]
 12133 | Lair:1   | Entered Level 1 of the Lair of Beasts
 12328 | Lair:1   | Reached XP level 11. HP: 111/117 MP: 11/11
 12351 | Lair:1   | Reached skill level 10 in Fighting
 12601 | Lair:1   | Noticed a black mamba
 12605 | Lair:1   | Killed a black mamba
 12605 | Lair:1   | Reached skill level 18 in Maces & Flails
 12916 | Lair:1   | Gained mutation: You have sharp toenails. [potion of beneficial mutation]
 14016 | D:9      | Noticed Gastronok
 14062 | D:9      | Killed Gastronok
 14062 | D:9      | Reached skill level 5 in Dodging
 14447 | D:9      | Noticed a hill giant
 14459 | D:9      | Killed a hill giant
 15089 | D:9      | Reached XP level 12. HP: 105/133 MP: 12/12
 15455 | D:10     | Entered Level 10 of the Dungeon
 15538 | D:10     | Found a staircase to the Orcish Mines.
 17227 | D:11     | Found an iron altar of Okawaru.
 17554 | D:11     | Bought a warped flail for 161 gold pieces
 17554 | D:11     | Bought a runed great mace for 123 gold pieces
 17554 | D:11     | Bought a polished flail for 161 gold pieces
 17554 | D:11     | Bought a translucent blowgun for 142 gold pieces
 17554 | D:11     | Identified the +7 flail of Cod Vamp {crush, +Inv Int+4} (You bought it in a shop on level 11 of the Dungeon)
 17556 | D:11     | Identified the +1 flail "Buih" {holy, Int+6} (You bought it in a shop on level 11 of the Dungeon)
 17557 | D:11     | Identified the +10 blowgun "Yttiget" {speed, Int+7} (You bought it in a shop on level 11 of the Dungeon)
 17881 | D:12     | Reached skill level 1 in Throwing
 17943 | D:12     | HP: 7/140 [brown ugly thing (9)]
 17943 | D:12     | Splashed by a brown ugly thing's acid

Action                   |  1- 3 |  4- 6 |  7- 9 | 10-12 || total
-------------------------+-------+-------+-------+-------++-------
Melee: Flail             |   127 |   287 |     6 |       ||   420
       Giant club        |       |       |   264 |   544 ||   808
       Giant spiked club |       |       |       |    55 ||    55
       Great mace        |       |       |       |    34 ||    34
 Fire: Hunting sling     |    16 |    34 |       |       ||    50
       Blowgun           |       |     6 |    21 |    13 ||    40
Invok: Potion Petition   |       |       |     1 |       ||     1
       Call Merchant     |       |       |       |     1 ||     1
  Use: Scroll            |       |     5 |     1 |    12 ||    18
       Potion            |       |       |       |     3 ||     3
 Stab: Sleeping          |       |       |     3 |     4 ||     7
       Distracted        |       |       |       |     1 ||     1
  Eat: Chunk             |     2 |    10 |     5 |       ||    17
       Bread ration      |       |       |     2 |     7 ||     9
